 Seeded DCSS version 0.28-a0-1616-g050a50673c (webtiles) character file.

Game seed: 11282653185525437147 (custom seed)

11 innerfire433 the Insei (level 2, 0/22 HPs)
             Began as a Djinni Transmuter on Jan 22, 2022.
             Slain by a rat (1 damage)
             ... on level 1 of the Dungeon.
             The game lasted 00:01:02 (541 turns).

innerfire433 the Insei (Djinni Transmuter)           Turns: 541, Time: 00:01:03

Health: 0/22       AC:  2    Str:  9    XL:     2   Next: 35%
Gold:   31         EV: 12    Int: 14    God:
                   SH:  0    Dex: 13

rFire   + + .      SeeInvis .     - Unarmed
rCold   x . .      Faith    .   (no shield)
rNeg    . . .      Spirit   .   a - +0 robe
rPois   ∞          Reflect  .   (no helmet)
rElec   .          Harm     .   (no cloak)
rCorr   .          Rampage  .   (no gloves)
Will    .....                   (boots unavailable)
Stlth   +.........              (no amulet)
HPRegen 0.07/turn               (no ring)
MPRegen 0.00/turn               (no ring)

@: wereblooded, flying
A: sickness immunity, fire resistance 2, cold vulnerability 1, float, innate
caster, hp casting, extra vitality 1
a: no special abilities


You were on level 1 of the Dungeon.
You visited 1 branch of the dungeon, and saw 1 of its levels.

You collected 31 gold pieces.

Inventory:

Armour
 a - a +0 robe (worn)
Scrolls
 b - a scroll of magic mapping {unknown}
 c - a scroll of enchant armour {unknown}


   Skills:
 + Level 1.3 Fighting
 + Level 2.4 Dodging
 + Level 3.2 Unarmed Combat
 + Level 1.7 Spellcasting


You couldn't memorise any spells.
You knew the following spells:

 Your Spells              Type           Power      Damage    Failure   Level
a - Beastly Appendage     Tmut           12%        N/A       12%         1
b - Wereblood             Tmut           6%         N/A       19%         2
c - Spider Form           Tmut/Pois      6%         N/A       34%         3
d - Ice Form              Ice/Tmut       6%         N/A       75%         4
Your spell library was empty.

Dungeon Overview and Level Annotations

Branches:
Dungeon (1/15)

Altars:


Innate Abilities, Weirdness & Mutations

You are immune to sickness and miasma.
You are immune to poison.
Your flesh is very heat resistant. (rF++)
You are vulnerable to cold. (rC-)
You float through the air rather than walking.
You learn spells naturally, not from books.
Your magical power is your life essence.
You have superior vitality. (+4 MHP)


Message History

The ball python hisses angrily.
The kobold closely misses you.
You hit the kobold.
The kobold is moderately wounded.
The kobold closely misses you.
You closely miss the kobold.
The kobold is moderately wounded.
The ball python barely misses you. x2; The kobold closely misses you.
The rat bites you but does no damage.
You barely miss the kobold.
The kobold is moderately wounded.
The ball python closely misses you. The ball python grabs you.
The ball python constricts you.
The kobold hits you with a +0 short sword.
The rat completely misses you.
You hit the ball python.
The ball python is heavily wounded.
The ball python bites you. The ball python constricts you.
The kobold hits you with a +0 short sword.
The rat bites you but does no damage.
You are too injured to fight recklessly!
You are too injured to fight recklessly!
You are too injured to fight recklessly!
You are too injured to fight recklessly!
You barely miss the ball python.
The ball python is heavily wounded.
The ball python closely misses you. The ball python constricts you.
The kobold hits you with a +0 short sword.
* * * LOW HITPOINT WARNING * * *
The rat bites you.
* * * LOW HITPOINT WARNING * * *
The ball python bites you but does no damage.
The ball python constricts you.
* * * LOW HITPOINT WARNING * * *
You hit the ball python.
You feel a bit better.
You kill the ball python!
The kobold hits you with a +0 short sword.
* * * LOW HITPOINT WARNING * * *
The rat bites you.
You die...

########..........#
#.#.................#
.#.#######.#+#+###.# #
.....#####.#.#.#...# #.#
................... ....
#.#.#####.#.#......
.....#.#.#####.#.###.###
.......)................
.####r@.......#.#.#.###
#K........#.#...#..
............#.#####.#
.............#........
######........#######.#
#........#.......#
########.#........
#........ #.#######


You could see a kobold and a rat.

Vanquished Creatures
  3 ball pythons (D:1)
  A bat (D:1)
  3 endoplasms (D:1)
  2 goblins (D:1)
  A kobold (D:1)
10 creatures vanquished.

Notes
Turn   | Place    | Note
-------+----------+-------------------------------------------
     0 | D:1      | innerfire433 the Djinni Transmuter began the quest for the
                  | Orb.
     0 | D:1      | Reached XP level 1. HP: 17/17 MP: 0/0
   228 | D:1      | Reached XP level 2. HP: 12/22 MP: 0/0
   541 | D:1      | HP: 1/22 [kobold (4)]
   541 | D:1      | Slain by a rat

Illustrated notes

Levels and vault maps discovered:
D:1:      dpeg_arrival_fog, layout_basic, serial_bayou_pond_a

Action                   || total
-------------------------++-------
Melee: Unarmed           ||    35
       Punch             ||     1
 Cast: Beastly Appendage ||     1
       Wereblood         ||     2
Armor: Robe              ||     9
Dodge: Dodged            ||    32

Table legend: (Time is in decaauts)
 A = Elapsed time spent in this place.
 B = Non-inter-level travel time spent in this place.
 C = Inter-level travel time spent in this place.
 D = Time resting spent in this place.
 E = Time spent auto-exploring this place.
 F = Levels seen in this place.
 G = Mean time per level.
                   A        B        C        D        E       F      G
               +--------+--------+--------+--------+--------+-----+--------+
         Total |    539 |    539 |      0 |      0 |    465 |   1 |  539.0 |
       Dungeon |    539 |    539 |      0 |      0 |    465 |   1 |  539.0 |
               +--------+--------+--------+--------+--------+-----+--------+

Top non-repeatable levels by time:
     D:1: 539 daAuts
